Map: Forteresse de fer EC

Players

bonepile

  • Race: Zerg Zerg
  • League: Grandmaster

AgCl - Winner!

  • Race: Protoss Protoss
  • League: Grandmaster

VOD

Have the link to the VOD?

Description

Time

  • Played on: June 9, 2015, 9:41 p.m.
  • Length: 9:12
Show
View Real Time Build Order
Export as new Build Order

bonepile Zerg 

Build Orders: Hatch First 

Get SALT Encoding   

  12  0:02  Drone  
  13  0:08  Drone  
  14  0:27  Overlord  
  14  0:45  Hatchery, Drone  
  14  0:56  Drone x2  
  16  0:59  Drone  
  17  1:08  Drone  
  18  1:18  Spawning Pool  
  18  1:20  Drone  
  18  1:29  Drone  
  19  1:39  Overlord  
  19  1:48  Extractor  
  18  1:55  Drone  
  19  2:06  Drone  
  20  2:11  Queen  
  20  2:12  Queen  
  24  2:16  Drone x3  
  27  2:27  Drone x2  
  29  2:33  Hatchery  
  25  3:01  Drone x3  
  25  3:02  Drone x2  
  25  3:03  Drone  
  30  3:11  Queen  
  32  3:20  Spore Crawler  
  32  3:21  Spore Crawler  
  32  3:24  Zergling x4  
  32  3:25  Zergling x2  
  33  3:28  Overlord  
  33  3:44  Metabolic Boost  
  33  3:52  Drone x5  
  33  3:53  Drone x2  
  40  3:58  Queen  
  42  4:03  Overlord  
  42  4:21  Drone  
  42  4:22  Drone  
  44  4:26  Spore Crawler  
  44  4:28  Spore Crawler  
  40  4:40  Zergling x12  
  40  4:41  Zergling x8  
  50  4:49  Spine Crawler  
  50  4:50  Drone  
  50  4:51  Overlord x2  
  50  5:07  Overlord x2  
  50  5:10  Extractor  
  50  5:12  Extractor  
  48  5:15  Lair, Roach Warren  
  48  5:19  Drone x2  
  49  5:32  Drone x5  
  49  5:33  Drone  
  54  5:45  Drone x6  
  55  6:03  Drone x3  
  55  6:04  Drone x3  
  61  6:05  Extractor  
  61  6:08  Extractor  
  59  6:16  Overseer  
  59  6:23  Drone x3  
  59  6:24  Drone x7  
  69  6:37  Zergling x8  
  73  6:41  Drone x6  
  73  6:45  Extractor  
  78  6:51  Hatchery  
  76  6:58  Queen  
  76  6:59  Queen  
  76  7:01  Queen  
  81  7:07  Spire  
  80  7:25  Drone  
  81  7:34  Spine Crawler  
  80  7:43  Overlord x2  
  80  7:44  Glial Reconstitution  
  80  7:52  Queen  
  76  8:18  Mutalisk  
  76  8:19  Mutalisk x8  
  83  8:20  Mutalisk x5  
  83  8:23  Overlord x2  
  102  8:28  Overlord x2  
Show
View Real Time Build Order
Export as new Build Order

AgCl Protoss - Winner!

Build Orders: Phoenix Opening, Phoenix Opening, Carrier Rush 

Get SALT Encoding   

  12  0:15  Pylon  
  12  0:33  Gateway  
  12  0:35  Probe  
  13  0:38  Assimilator  
  13  0:47  Probe  
  14  0:59  Probe (Chrono Boost)  
  16  1:11  Probe (Chrono Boost)  
  16  1:17  Pylon  
  16  1:19  Probe (Chrono Boost)  
  16  1:23  Zealot (Chrono Boost)  
  19  1:29  Probe  
  20  1:40  Cybernetics Core  
  20  1:41  Probe  
  21  1:53  Probe (Chrono Boost)  
  22  1:57  Assimilator  
  22  2:04  Probe (Chrono Boost)  
  23  2:10  Probe (Chrono Boost)  
  24  2:17  Stargate  
  24  2:22  Probe (Chrono Boost)  
  25  2:34  Probe (Chrono Boost)  
  26  2:41  Probe (Chrono Boost)  
  27  2:51  Probe  
  28  3:07  Warp Gate  
  28  3:14  Pylon  
  28  3:15  Phoenix (Chrono Boost)  
  28  3:17  Nexus  
  28  3:30  Adept  
  30  3:35  Fleet Beacon, Probe (Chrono Boost)  
  31  3:46  Probe (Chrono Boost)  
  32  3:52  Probe (Chrono Boost)  
  32  3:55  Assimilator  
  35  4:04  Mothership Core (Chrono Boost)  
  35  4:06  Gateway  
  35  4:09  Pylon  
  35  4:18  Probe  
  35  4:21  Carrier (Chrono Boost)  
  36  4:30  Probe  
  37  4:37  Probe  
  38  4:42  Probe  
  43  4:49  Probe (Chrono Boost)  
  44  4:55  Assimilator  
  44  4:56  Probe (Chrono Boost)  
  45  5:01  Probe (Chrono Boost), Protoss Air Weapons Level 1  
  45  5:06  Graviton Catapult  
  47  5:07  Probe (Chrono Boost)  
  47  5:11  Probe (Chrono Boost)  
  47  5:14  Probe (Chrono Boost)  
  49  5:18  Probe  
  49  5:23  Adept, Carrier (Chrono Boost)  
  49  5:25  Probe (Chrono Boost)  
  52  5:31  Probe (Chrono Boost)  
  53  5:42  Probe (Chrono Boost)  
  60  5:47  Pylon  
  60  5:49  Probe  
  59  5:50  Gateway  
  59  5:51  Probe  
  60  6:05  Pylon  
  60  6:09  Gateway  
  60  6:12  Carrier (Chrono Boost)  
  60  6:16  Twilight Council  
  60  6:24  Probe x2  
  62  6:33  Forge  
  68  6:47  Pylon  
  68  6:51  Pylon  
  68  6:53  Probe  
  68  7:05  Probe x2  
  70  7:09  Carrier (Chrono Boost)  
  70  7:10  Adept x3  
  70  7:11  Adept  
  82  7:38  Stargate  
  82  7:40  Nexus  
  82  7:44  Pylon  
  82  7:55  Pylon, Shield Upgrade  
  82  8:01  Carrier (Chrono Boost)  
  82  8:06  Pylon  
  84  8:28  Adept x3  
  84  8:29  Adept  
  98  8:53  Stalker x3  
Tags
 
Add a new tag
Caveats
  • Supply blocks, unpowered buildings, or Contaminate may cause inaccurate times.
  • Supply counts are checked every 10 seconds.